 Dungeon Crawl Stone Soup version 0.29.1-13-g9f3cf754e1 (webtiles) character file.

Game seed: 2114258508648471745

84998 theswoord the Gelid (level 15, -12/146 HPs)
             Began as a Naga Ice Elementalist on Feb 5, 2023.
             Was the Champion of Kikubaaqudgha.
             Mangled by a vampire knight
             ... wielding a +0 long sword
              (27 damage)
             ... on level 13 of the Dungeon.
             The game lasted 01:02:13 (25730 turns).

theswoord the Gelid (Naga Ice Elementalist)        Turns: 25730, Time: 01:02:13

Health: -12/146    AC: 17    Str: 15    XL:     15   Next: 82%
Magic:  14/31      EV:  4    Int: 29    God:    Kikubaaqudgha [******]
Gold:   1959       SH:  5    Dex:  9    Spells: 15/39 levels left

rFire   . . .      SeeInvis +   v - +4 spear "Ahaoffuri" {spect, Int+2}
rCold   + . .      Faith    .   x - orb {light}
rNeg    + . .      Spirit   .   e - +0 pearl dragon scales
rPois   +          Reflect  +   K - +1 helmet "Xuakax" {Str+4 Int+4 Dex-2}
rElec   .          Harm     .   (no cloak)
rCorr   .          Rampage  .   y - +0 pair of gloves
Will    +....                   j - +0 barding
Stlth   ..........              g - amulet of reflection
HPRegen 0.34/turn               o - ring of protection from cold
MPRegen 0.22/turn               N - ring of wizardry

@: animating dead, glowing, very slow
A: AC +5, large, see invisible, deformed body, poison resistance, slowness 2,
spit poison 1, naga tail 2
a: Spit Poison, Renounce Religion, Unearth Wretches, Torment, Brand Weapon With
Pain, Receive Forbidden Knowledge


You were on level 13 of the Dungeon.
You worshipped Kikubaaqudgha.
Kikubaaqudgha was exalted by your worship.
You visited 4 branches of the dungeon, and saw 21 of its levels.
You also visited: Ice Cave.

You collected 2749 gold pieces.
You spent 790 gold pieces at shops.

Inventory:

Hand Weapons
 m - a +1 mace of holy wrath
 v - the +4 spear "Ahaoffuri" (weapon) {spect, Int+2}
   (You found it on level 3 of the Dungeon)

   When its wielder attacks, the weapon's spirit leaps out and strikes again.
   The spirit shares a part of any damage it takes with its wielder.
   Int:       It affects your intelligence (+2).
 R - a +3 demon whip of freezing
Armour
 e - +0 pearl dragon scales (worn)
 j - a +0 barding (worn)
 u - the +1 robe of the Forest {rC+ Regen+}
   (You found it on level 3 of the Dungeon)

   rC:        It protects you from cold.
   Regen:     It increases your rate of health regeneration.
 x - an orb of light (worn)
 y - a +0 pair of gloves (worn)
 K - the +1 helmet "Xuakax" (worn) {Str+4 Int+4 Dex-2}
   (You found it on level 2 of the Lair of Beasts)

   Str:       It affects your strength (+4).
   Int:       It affects your intelligence (+4).
   Dex:       It affects your dexterity (-2).
Jewellery
 g - an amulet of reflection (around neck)
 l - an amulet of guardian spirit
 o - a ring of protection from cold (left hand)
 r - a +4 ring of protection
 s - the ring of Ulotym {rPois Will+ Str+6}
   (You found it on level 2 of the Dungeon)

   [ring of strength]

   Str:       It affects your strength (+6).
   rPois:     It protects you from poison.
   Will:      It increases your willpower.
 E - an amulet of faith
 F - a ring of protection from fire
 H - a +4 ring of evasion
 N - a ring of wizardry (right hand)
 U - a ring of ice
Wands
 w - a wand of mindburst (13)
 L - a wand of acid (4)
 M - a wand of charming (12)
Scrolls
 f - a scroll of amnesia
 A - 3 scrolls of poison
 B - 2 scrolls of enchant armour
 D - 9 scrolls of teleportation
 I - a scroll of silence
 S - 3 scrolls of blinking
 T - 7 scrolls of immolation
Potions
 a - a potion of cancellation
 b - 3 potions of magic
 c - a potion of berserk rage
 d - 6 potions of flight
 h - a potion of heal wounds
 i - 5 potions of curing
 p - a potion of attraction
 q - 3 potions of mutation
 t - a potion of resistance
 z - 2 potions of might
 G - a potion of invisibility {unknown}
 J - 3 potions of brilliance
 O - 2 potions of ambrosia


   Skills:
 + Level 12.5 Fighting
 * Level 4.1 Maces & Flails
 - Level 1.5 Dodging
 - Level 3.0 Stealth
 - Level 12.5 Spellcasting
 + Level 14.2 Necromancy
 + Level 15.7 Ice Magic


You had 15 spell levels left.
You knew the following spells:

 Your Spells              Type           Power      Damage    Failure   Level
a - Freeze                Ice            100%       1d11      1%          1
b - Frozen Ramparts       Ice            100%       1d16      1%          3
c - Ozocubu's Armour      Ice            83%        N/A       1%          3
d - Animate Dead          Necr           79%        N/A       1%          4
e - Simulacrum            Ice/Necr       40%        N/A       2%          6
f - Ozocubu's Refrigerat  Ice            41%        4d16      9%          7

Your spell library contained the following spells:

 Spells                   Type           Power      Damage    Failure   Level
 Necrotise                Necr           100%       1d9       1%          1
 Sublimation of Blood     Necr           79%        N/A       1%          2
 Dispel Undead            Necr           79%        3d26      1%          4
 Agony                    Necr           79%        N/A       1%          5
 Hailstorm                Conj/Ice       59%        3d13      2%          4
 Death Channel            Necr           39%        N/A       2%          6
 Anguish                  Hex/Necr       28%        N/A       3%          4
 Beastly Appendage        Tmut           36%        N/A       6%          1
 Shock                    Conj/Air       72%        1d7       6%          1
 Corpse Rot               Necr/Pois/Air  45%        N/A       9%          4
 Static Discharge         Conj/Air       18%        3-6/arc   10%         2
 Wereblood                Tmut           18%        N/A       10%         2
 Borgnjor's Vile Clutch   Necr/Erth      28%        N/A       10%         5
 Dazzling Flash           Conj/Hex       36%        N/A       19%         3
 Spider Form              Tmut/Pois      18%        N/A       19%         3
 Swiftness                Air            18%        N/A       19%         3
 Freezing Cloud           Conj/Ice/Air   24%        6-21      21%         5
 Airstrike                Air            9%         2d(2-18)  52%         4
 Sticky Flame             Conj/Fire      18%        2d4       52%         4
 Silence                  Hex/Air        9%         N/A       85%         5
 Polar Vortex             Ice            41%        N/A       100%        9


Dungeon Overview and Level Annotations

Branches:
Dungeon (13/15)            Temple (1/1) D:6            Lair (5/5) D:8
 Shoals (0/4) Lair:2        Snake (0/4) Lair:3        Slime (0/5) Lair:4
    Orc (2/2) D:9             Elf (0/3) Orc:2         IceCv (visited)
 Vaults: D:13-14

Altars:
Ashenzari
Cheibriados
Dithmenos
Elyvilon
Fedhas
Gozag
Hepliaklqana
Kikubaaqudgha
Makhleb
Nemelex Xobeh
Ru
Sif Muna
Trog
Uskayaw
Wu Jian
Yredelemnul
Zin
The Shining One
Jiyva
Lugonu

Shops:
D:2 :   D:8 [   D:9 !   D:10 =*   D:12 [   Orc:2 ([:*:

Portals:
Abyss: Lair:5

Annotations:
D:1 2 transporters
D:6 1 runed translucent door


Innate Abilities, Weirdness & Mutations

Your serpentine skin is tough. (AC +5)
You have supernaturally acute eyesight. (SInv)
Armour fits poorly on your strangely shaped body.
Your system is resistant to poisons. (rPois)
You cover ground very slowly.
You can spit poison.
You can use your snake-like lower body to constrict enemies.


Message History

* * * LOW HITPOINT WARNING * * *
The vampire knight bites you.
* * * LOW HITPOINT WARNING * * *
Your centaur warrior hits the slime creature.
Your centaur warrior kicks the slime creature but does no damage.
Your vampire mosquito zombie bites the slime creature!
The slime creature barely misses you.
Your centaur warrior simulacrum hits the vampire knight but does no damage.
Your centaur warrior simulacrum kicks the vampire knight but does no damage.
Your centaur warrior simulacrum hits the vampire knight but does no damage.
Your centaur warrior simulacrum kicks the vampire knight but does no damage.
Your vampire mosquito zombie bites the slime creature.
The vampire knight hits you with a +0 long sword!!
* * * LOW HITPOINT WARNING * * *
The vampire knight bites you but does no damage.
Your icy armour will break if you move.
Continue?
You swap places.
You release your grip on the vampire knight.
Your icy armour cracks and falls away as you move.
Your vampire mosquito zombie bites the slime creature.
Your centaur warrior hits the slime creature!
Your centaur warrior barely misses the slime creature.
Your vampire mosquito zombie bites the slime creature.
Your centaur warrior simulacrum closely misses the vampire knight.
Your centaur warrior simulacrum kicks the vampire knight but does no damage.
Your centaur warrior simulacrum hits the vampire knight but does no damage.
Your centaur warrior simulacrum closely misses the vampire knight.
Your vampire mosquito zombie bites the slime creature.
The slime creature closely misses your centaur warrior.
Your centaur warrior barely misses the slime creature.
Your centaur warrior kicks the slime creature.
Your deep elf pyromancer zombie hits the vampire knight but does no damage.
Your vampire mosquito zombie bites the slime creature!
Your centaur warrior simulacrum barely misses the vampire knight.
Your centaur warrior simulacrum kicks the vampire knight but does no damage.
Your centaur warrior simulacrum hits the vampire knight but does no damage.
Your centaur warrior simulacrum barely misses the vampire knight.
The vampire knight hits you with a +0 long sword!!
You die...
Kikubaaqudgha rasps: "You have failed me!
Welcome... death!"

,* **...........## **
**.............## *
*,..............# **
**...............## ,*
*,................# ,*
*,.......)..Z.....# ,*
**,.......Z.JZZ....#* ,*
*,,.......ZVZc.)....* ,*
*,,........@........* ,*
**,................#*
,**############.#########
,..,......#......#*****
..........##.....##.,,*
.....##..............,*
##....#.........##....*
#...........#....#....#*
.......##..##...##,....*


You could see a vampire knight (fast, invisible, ally target), a slime creature
(distracted, ally target), a friendly centaur warrior (summoned), 2 friendly
centaur warrior simulacra, 2 friendly vampire mosquito zombies, a friendly deep
elf pyromancer zombie and a friendly ogre mage zombie.

Vanquished Creatures
  An orc warlord (Orc:2)
  A bunyip (shapeshifter) (D:10)
  An ettin (Orc:1)
  2 ice dragons
  A boulder beetle (Lair:2)
  The ghost of caveywoolpert the Martial Artist, a journeyman DsFi of Okawaru (D:10)
  A catoblepas (Lair:5)
  6 hydras
  2 centaur warriors
  2 two-headed ogres
  3 death yaks (Lair:4)
  Urug (Orc:2)
  An orc high priest (Orc:2)
  4 thrashing horrors (Lair:5)
  Nergalle (Orc:2)
  The ghost of Swamplord the Summoner, a novice OpSu of Kikubaaqudgha (D:6)
  2 ugly things (Lair:5)
  An orc knight (Orc:2)
  A lindwurm (Lair:3)
  An orc sorcerer (Orc:2)
  3 cyclopes
  2 ice statues (IceCv)
  8 elephants
  5 gargoyles
  8 black mambas
  A smoke demon (Lair:5)
  5 cane toads
  5 rime drakes
  3 komodo dragons
  An unseen horror (D:12)
  A tengu conjurer (D:10)
  An ancient zyme (Lair:5)
  A hornet (shapeshifter) (Lair:5)
  7 trolls
  3 polar bears
  33 blink frogs
  Grinder (D:3)
  A large abomination (Lair:5)
  Sigmund (D:4)
  2 shadows
  2 wraiths (D:12)
  56 yaks
  5 wyverns
  2 ynoxinuls (Lair:5)
  6 basilisks
  A steam dragon (Lair:3)
  Grum (Lair:1)
  2 wargs (Orc:2)
  6 vampire mosquitoes
  A chaos spawn (Lair:5)
  4 nagas (Lair:3)
  Edmund (D:4)
  9 water moccasins
  24 orc warriors
  11 ogres
  3 black bears
  2 sky beasts
  6 centaurs
  13 wolves
  2 phantoms
  6 small abominations (Lair:5)
  2 kobold brigands
  13 bullfrogs
  2 gnoll sergeants
  4 scorpions
  A wight (D:10)
  A lindwurm simulacrum (IceCv)
  9 killer bees
  3 howler monkeys
  5 komodo dragon simulacra (IceCv)
  6 jellies
  4 hounds
  12 orc priests
  2 gnoll boudas
  3 iguanas (D:5)
  2 hell rats (Lair:3)
  22 orc wizards
  15 gnolls
  6 acid dragon simulacra (IceCv)
  7 adders
  A white imp (D:7)
  2 ufetubi
  8 steam dragon simulacra (IceCv)
  3 worms
  2 dart slugs
  59 orcs
  9 ball pythons
  14 endoplasms
  8 giant cockroaches
  4 goblins
  10 hobgoblins
  7 jackals
  18 kobolds
  8 quokkas
  3 bats
  A frilled lizard (D:1)
  5 rats
570 creatures vanquished.

Vanquished Creatures (collateral kills)
  Rupert (Lair:4)
  A hydra (Lair:5)
  An ogre mage (D:13)
  3 boulder beetles
  A two-headed ogre (D:12)
  A death yak (Lair:4)
  An orc knight (Orc:2)
  2 deep elf pyromancers
  3 black mambas
  7 elephants
  A smoke demon (Lair:5)
  A torpor snail (Lair:5)
  A rime drake (Lair:4)
  4 cane toads
  2 komodo dragons
  A troll (Orc:2)
  2 polar bears (Lair:2)
  10 blink frogs
  A vampire (D:13)
  16 yaks
  5 basilisks
  4 vampire mosquitoes
  2 nagas (Lair:3)
  A naga (shapeshifter) (Lair:5)
  2 water moccasins
  A meliai simulacrum (D:13)
  An orc warrior (D:9)
  An ogre (Orc:1)
  3 wolves
  A kobold brigand (D:9)
  4 bullfrogs
  3 electric eels (Lair:1)
  5 howler monkeys (D:9)
  3 orc priests
  5 orc wizards
  8 hell rats
  4 small abominations (Lair:5)
  A steam dragon simulacrum (IceCv)
  4 orcs
  5 kobolds
  2 butterflies (Lair:3)
125 creatures vanquished.

Vanquished Creatures (others)
  An orc sorcerer (Orc:2)
  A cane toad (Lair:2)
  2 hydra zombies (Lair:5)
  A black mamba zombie (Lair:5)
  A water moccasin (Lair:2)
  2 orc warriors (Orc:2)
  An ogre (Orc:2)
  10 blink frog zombies
  A lindwurm zombie (Lair:3)
  3 elephant zombies
  4 vampire mosquito zombies (D:12)
  A rime drake zombie (IceCv)
  A komodo dragon zombie (Lair:5)
  2 wyvern zombies
  2 water moccasin zombies (Lair:5)
  16 yak zombies
  2 warg zombies (Orc:2)
  2 troll zombies
  2 bullfrog zombies
  A centaur zombie (D:12)
  A basilisk zombie (Lair:5)
  4 killer bee zombies (D:9)
  3 ogre zombies (Orc:2)
  A naga zombie (Lair:3)
  A goblin (D:13)
  7 kobold zombies
  36 orc zombies
  46 fungi
  49 plants
  7 toadstools (D:2)
211 creatures vanquished.

Grand Total: 906 creatures vanquished

Notes
Turn   | Place    | Note
-------+----------+-------------------------------------------
     0 | D:1      | theswoord the Naga Ice Elementalist began the quest for the
                  | Orb.
     0 | D:1      | Reached XP level 1. HP: 15/15 MP: 3/3
   135 | D:1      | Reached XP level 2. HP: 22/22 MP: 1/5
   705 | D:1      | Found a faded altar of an unknown god.
   847 | D:1      | Reached XP level 3. HP: 6/28 MP: 2/6
  1408 | D:1      | Learned a level 3 spell: Frozen Ramparts
  1412 | D:1      | Learned a level 3 spell: Ozocubu's Armour
  1599 | D:2      | Found a sparkling altar of Nemelex Xobeh.
  1994 | D:2      | Reached XP level 4. HP: 32/36 MP: 6/8
  2055 | D:2      | Found Iklyurr's Book Emporium.
  2601 | D:2      | Identified the ring of Ulotym {rPois Will+ Str+6}
  2636 | D:2      | Reached skill level 5 in Ice Magic
  2699 | D:2      | Reached XP level 5. HP: 41/42 MP: 7/10
  3023 | D:3      | Noticed Grinder
  3034 | D:3      | Paralysed by Grinder for 5 turns
  3048 | D:3      | Killed Grinder
  3049 | D:3      | Reached skill level 6 in Ice Magic
  3049 | D:3      | Reached XP level 6. HP: 49/49 MP: 4/12
  3701 | D:3      | Identified the +1 robe of the Forest {rC+ Regen+}
  3789 | D:3      | Identified the +4 spear "Ahaoffuri" {spect, Int+2}
  4204 | D:4      | Found a snail-covered altar of Cheibriados.
  4211 | D:4      | Reached XP level 7. HP: 55/55 MP: 14/14
  4227 | D:4      | Noticed Edmund
  4238 | D:4      | Killed Edmund
  4238 | D:4      | Noticed Sigmund
  4239 | D:4      | Reached skill level 5 in Spellcasting
  4249 | D:4      | Killed Sigmund
  4250 | D:4      | Reached skill level 7 in Ice Magic
  4399 | D:4      | Found a burning altar of Makhleb.
  4506 | D:4      | Found a shimmering blue altar of Sif Muna.
  4702 | D:4      | Reached XP level 8. HP: 62/62 MP: 12/16
  4841 | D:4      | Found a glowing golden altar of the Shining One.
  5078 | D:5      | Entered Level 5 of the Dungeon
  5096 | D:5      | Reached skill level 8 in Ice Magic
  5532 | D:5      | Reached XP level 9. HP: 68/68 MP: 20/20
  5551 | D:5      | Reached skill level 9 in Ice Magic
  5785 | D:6      | Found a staircase to the Ecumenical Temple.
  5808 | Temple   | Entered the Ecumenical Temple
  5816 | Temple   | Became a worshipper of Kikubaaqudgha
  5831 | D:6      | Found a runed translucent door.
  5849 | D:6      | Noticed Swamplord's ghost (novice OpSu)
  5874 | D:6      | Found a runed translucent door.
  6401 | D:6      | Killed Swamplord's ghost
  6402 | D:6      | Reached skill level 10 in Ice Magic
  6601 | D:7      | Reached * piety under Kikubaaqudgha
  6601 | D:7      | Received a gift from Kikubaaqudgha
  6610 | D:7      | Reached skill level 1 in Fighting
  6610 | D:7      | Reached skill level 1 in Necromancy
  6709 | D:7      | Identified the +10 falchion "Muycyck" {vorpal, rCorr}
  6816 | D:7      | Found a sacrificial altar of Ru.
  6823 | D:7      | Found a blossoming altar of Fedhas.
  6835 | D:7      | Reached XP level 10. HP: 78/80 MP: 15/22
  6886 | D:7      | Found a bloodstained altar of Trog.
  6886 | D:7      | Found a white marble altar of Elyvilon.
  6888 | D:7      | Found a shadowy altar of Dithmenos.
  6889 | D:7      | Found a hide-covered altar of Uskayaw.
  7242 | D:8      | Found Uriudefo's Armour Emporium.
  7713 | D:8      | Reached ** piety under Kikubaaqudgha
  7719 | D:8      | Found a staircase to the Lair.
  8265 | Lair:1   | Entered Level 1 of the Lair of Beasts
  8265 | Lair:1   | Noticed Grum
  8271 | Lair:1   | Killed Grum
  8272 | Lair:1   | Reached skill level 5 in Necromancy
  8423 | Lair:1   | Noticed a black mamba
  8430 | Lair:1   | Killed a black mamba
  8431 | Lair:1   | Reached skill level 11 in Ice Magic
  8456 | Lair:1   | Reached XP level 11. HP: 89/93 MP: 18/23
  8501 | Lair:1   | Reached skill level 5 in Fighting
  8690 | Lair:1   | Noticed a seven-headed hydra
  8695 | Lair:1   | Killed a seven-headed hydra
  9513 | Lair:2   | Identified the +1 helmet "Xuakax" {Str+4 Int+4 Dex-2}
  9613 | Lair:2   | Reached *** piety under Kikubaaqudgha
  9613 | Lair:2   | Received a gift from Kikubaaqudgha
  9614 | Lair:2   | Reached skill level 12 in Ice Magic
  9619 | Lair:2   | Learned a level 4 spell: Animate Dead
  9906 | Lair:2   | Reached XP level 12. HP: 82/106 MP: 24/24
  9934 | Lair:2   | Reached skill level 10 in Necromancy
 10010 | Lair:2   | Noticed a boulder beetle
 10032 | Lair:2   | Killed a boulder beetle
 10173 | Lair:2   | Found a staircase to the Shoals.
 10564 | Lair:3   | Found a staircase to the Snake Pit.
 10620 | Lair:3   | Noticed a boulder beetle
 10641 | Lair:3   | Killed a boulder beetle
 10771 | Lair:3   | Noticed a boulder beetle
 10808 | Lair:3   | Killed a boulder beetle
 10939 | Lair:3   | Reached skill level 13 in Ice Magic
 11063 | Lair:3   | Reached **** piety under Kikubaaqudgha
 11247 | Lair:3   | Noticed an eight-headed hydra
 11256 | Lair:3   | Killed an eight-headed hydra
 11347 | Lair:3   | Gained mutation: You can use your snake-like lower body to
                  | constrict enemies. [Naga growth]
 11347 | Lair:3   | Reached XP level 13. HP: 71/118 MP: 26/26
 11838 | Lair:4   | Reached skill level 10 in Spellcasting
 12058 | Lair:4   | You fall into a shaft and drop 1 floor!
 12058 | Lair:5   | Entered Level 5 of the Lair of Beasts
 12080 | Lair:5   | Reached ***** piety under Kikubaaqudgha
 12546 | Lair:4   | Reached skill level 14 in Ice Magic
 12683 | Lair:4   | Reached skill level 10 in Fighting
 12685 | Lair:4   | Found a viscous altar of Jiyva.
 12685 | Lair:4   | Found a staircase to the Slime Pits.
 12688 | Lair:4   | Noticed Rupert
 12712 | Lair:4   | Killed Rupert
 12790 | Lair:4   | Reached XP level 14. HP: 103/132 MP: 21/29
 14963 | Lair:5   | Found a corrupted altar of Lugonu.
 14963 | Lair:5   | Found a one-way gate to the infinite horrors of the Abyss.
 15436 | D:9      | Found a staircase to the Orcish Mines.
 15728 | D:9      | Reached ****** piety under Kikubaaqudgha
 15918 | D:9      | Found an ornate altar of the Wu Jian Council.
 15918 | D:9      | Found an opulent altar of Gozag.
 15925 | D:9      | Found Eqitiep's Distillery.
 16010 | D:10     | Entered Level 10 of the Dungeon
 16067 | D:10     | Identified the +1 robe of Intuition {Harm rPois SInv}
 16190 | D:10     | Reached skill level 15 in Ice Magic
 16256 | D:10     | Found a basalt altar of Yredelemnul.
 16356 | D:10     | Found Icrecedi's Fire Supplies.
 16385 | D:10     | Found Rant's Jewellery Boutique.
 16434 | D:10     | Found a runed translucent door.
 16435 | D:10     | Noticed caveywoolpert's ghost (journeyman DsFi)
 16460 | D:10     | Found a faded altar of an unknown god.
 16460 | D:10     | Found a hazy altar of Hepliaklqana.
 16493 | D:10     | Found a faded altar of an unknown god.
 16495 | D:10     | Found a faded altar of an unknown god.
 16934 | D:10     | Reached XP level 15. HP: 65/142 MP: 25/31
 16952 | D:10     | Killed caveywoolpert's ghost
 18357 | Orc:1    | Entered Level 1 of the Orcish Mines
 19106 | Orc:2    | Entered Level 2 of the Orcish Mines
 19199 | Orc:2    | Noticed Urug
 19207 | Orc:2    | Killed Urug
 19480 | Orc:2    | Noticed Nergalle
 19702 | Orc:2    | Killed Nergalle
 19784 | Orc:2    | Noticed an orc warlord
 19791 | Orc:2    | Your ally Nergalle died
 19793 | Orc:2    | Killed an orc warlord
 20097 | Orc:2    | Found Xohidia's Vocational Training.
 20416 | Orc:2    | Found Lupto's Antique Armour Boutique.
 20689 | Orc:2    | Found a staircase to the Elven Halls.
 20752 | Orc:2    | Found Moefric's General Store.
 20767 | Orc:2    | Found Vaimelu's Book Boutique.
 20774 | Orc:2    | Bought a book of Ice for 598 gold pieces
 20783 | Orc:2    | Found Nugaock's Antique Weapon Boutique.
 20790 | Orc:2    | Bought a dazzling spear for 192 gold pieces
 20790 | Orc:2    | Identified the +4 spear "Hydrabane" {vorpal, Fly MP+9 Int-5
                  | Stlth+} (You bought it in a shop on level 2 of the Orcish
                  | Mines)
 20848 | Orc:2    | Learned a level 6 spell: Simulacrum
 21910 | D:11     | Reached skill level 1 in Maces & Flails
 22665 | D:12     | Found Kaigar's Armour Shop.
 23124 | D:13     | Found a frozen archway.
 23356 | IceCv    | Entered an ice cave
 24749 | IceCv    | HP: 7/219 [komodo dragon simulacrum (15)]
 24749 | IceCv    | HP: 1/219 [komodo dragon simulacrum (6)]
 25285 | IceCv    | Learned a level 7 spell: Ozocubu's Refrigeration
 25730 | D:13     | Mangled by a vampire knight

Skill      XL: |  1  2  3  4  5  6  7  8  9 10 11 12 13 14 15 |
---------------+----------------------------------------------+-----
Spellcasting   | 3 4 5 7 8 9 11 12 | 12.5
Ice Magic      | 5 6 7 8 10 11 12 13 14 15 | 15.7
Fighting       | 2 4 6 8 10 11 12 | 12.5
Necromancy     | 3 7 9 11 12 13 14 | 14.2
Maces & Flails | 4 |  4.1
Dodging        | |  1.5
Stealth        | |  3.0

Action                   |  1- 3 |  4- 6 |  7- 9 | 10-12 | 13-15 || total
-------------------------+-------+-------+-------+-------+-------++-------
Melee: Short sword       |    26 |       |       |       |       ||    26
       Unarmed           |     1 |       |       |       |       ||     1
       Punch             |     1 |     1 |     1 |       |       ||     3
       Whip              |    17 |    75 |       |       |       ||    92
       Spear             |       |    13 |   128 |   350 |   833 ||  1324
       Constrict         |       |       |       |       |   192 ||   192
 Cast: Freeze            |    39 |    19 |       |       |       ||    58
       Frozen Ramparts   |     2 |    11 |    12 |    30 |    40 ||    95
       Ozocubu's Armour  |       |     1 |     9 |    15 |    26 ||    51
       Animate Dead      |       |       |       |     7 |    33 ||    40
       Simulacrum        |       |       |       |       |    10 ||    10
       Ozocubu's Refrige |       |       |       |       |     2 ||     2
Invok: Unearth Wretches  |       |       |       |     1 |     2 ||     3
 Abil: Spit Poison       |       |       |       |     1 |       ||     1
  Use: Scroll            |       |     7 |     9 |     5 |    20 ||    41
       Potion            |       |     1 |       |     2 |    14 ||    17
 Stab: Sleeping          |       |     4 |     6 |       |       ||    10
       Distracted        |       |       |     1 |     4 |    19 ||    24
       Paralysed         |       |       |       |       |     1 ||     1
Armor: Robe              |    16 |    25 |    32 |   177 |   209 ||   459
       Pearl dragon scal |       |       |       |       |   211 ||   211
Dodge: Dodged            |    49 |    34 |    22 |   107 |   174 ||   386
Block: Other             |       |    10 |     7 |       |       ||    17
       Orb               |       |       |    12 |    77 |   135 ||   224
       Reflection        |       |       |     4 |     4 |     9 ||    17

Levels and vault maps discovered:
D:1:      spicycebolla_arrival_transporter_tutorial, layout_loops_ring,
          nicolae_ecumenical_snake_handling
D:2:      cheibrodos_fertilizer, layout_basic, basic_altar, serial_shops,
          nicolae_shop_trees
D:3:      layout_basic, gup_sewer_entry_spiral, uniq_grinder
D:4:      layout_basic, mainiacjoe_overflow_24_doors, tso_oasis_becter,
          amcnicky_altar_gilded, mainiacjoe_overflow_chevrons,
          sigmund_edmund_badplayer, uniq_sigmund
D:5:      layout_rooms
D:6:      layout_gridville, minmay_temple_entry_drinking_statues,
          ebering_ghost_sewer_f
D:7:      layout_loops_cross, grunt_temple_overflow_open
D:8:      layout_loops_corners, dpeg_oklobed_lair, minmay_misc_feat_rows,
          nicolae_stop_n_shop_1
D:9:      layout_long_grid, gammafunk_temple_overflow_elements,
          minmay_orc_entry_temple_small, serial_shops, nicolae_shop_stone
D:10:     minmay_general_purpose_star, layout_rooms,
          nicolae_hepliaklqana_ecumenical_no_more,
          mainiacjoe_overflow_concentric_impassable, serial_shops,
          nicolae_shop_advertising_works [nicolae_subvault_shop_adworks],
          serial_corexii_hall, chequers_hall_statues_y,
          chequers_hall_statues_wall_a, ebering_ghost_inner_flame,
          nicolae_shop_fire_sale [nicolae_sub_dead_trees]
D:11:     layout_stronghold, serial_column_ruins, column_ruins_hut,
          column_ruins_columns_corner, column_ruins_open_small,
          column_ruins_columns_corner, column_ruins_open_tiny
D:12:     layout_layer_cave, serial_shops, shop
D:13:     hourglass_vault, layout_cave_pools,
          portal_ice_cave_entry_animals_and_master, fake_guardian_serpent_vault
Temple:   nicolae_temple_colour_theory
Lair:1:   layout_chaotic_city, dreamdust_gnoll_shepherd, serial_bayou_shore_a,
          serial_bayou_shore_b, uniq_grum
Lair:2:   layout_regular_city, elwin_shoals_entry_rocks
Lair:3:   layout_cave_pods, minmay_snake_entry_guardpost_large,
          lemuel_fruit_fields
Lair:4:   layout_cave_pods, slime_entry_1, st_stairs_5, uniq_rupert
Lair:5:   hellmonk_lair_end_abyssal_woods, layout_hall_layers,
          lookout_lair_type, grunt_megastairs_3
Orc:1:    layout_caves
Orc:2:    grunt_orc_cross, layout_caves, basic_altar, nicolae_shop_vocational,
          uniq_urug
